 Dungeon Crawl Stone Soup version 0.30-a0-58-gc0703345a7 (webtiles) character file.

Game seed: 12911635745738916054

2090 SwiftSteady the Sneak (level 9, -3/55 HPs)
             Began as a Gargoyle Monk on Sept 11, 2022.
             Was a Believer of Dithmenos.
             Engulfed by a steam dragon's steam (5 damage)
             ... on level 6 of the Dungeon.
             The game lasted 00:08:33 (8362 turns).

SwiftSteady the Sneak (Gargoyle Monk)               Turns: 8362, Time: 00:08:33

Health: -3/55      AC:  8    Str: 15    XL:     9   Next: 27%
Magic:  9/9        EV: 15    Int: 16    God:    Dithmenos [**....]
Gold:   125        SH:  0    Dex: 16    Spells: 8/8 levels left

rFire   . . .      SeeInvis +    x - +5 rapier of the Rescuing Gods {vamp, Int+5}
rCold   + . .      Faith    .    (no shield)
rNeg    + . .      Spirit   .    b - +0 robe
rPois   ∞          Reflect  .    (no helmet)
rElec   +          Harm     .    (no cloak)
rCorr   .          Rampage  .    (no gloves)
Will    .....                    (no boots)
Stlth   ++++......               (no amulet)
HPRegen 0.18/turn                e - ring of protection from cold
MPRegen 0.11/turn                f - ring of see invisible

@: wreathed by umbra
A: sickness immunity, AC +6, negative energy resistance 1, electricity
resistance, torment resistance 1, petrification resistance
a: Renounce Religion, Shadow Step


You were on level 6 of the Dungeon.
You worshipped Dithmenos.
Dithmenos was pleased with you.
You visited 2 branches of the dungeon, and saw 7 of its levels.
You also visited: Sewer.

You collected 323 gold pieces.
You spent 198 gold pieces at shops.

Inventory:

Hand Weapons
 x - the +5 rapier of the Rescuing Gods (weapon) {vamp, Int+5}
   (You bought it in a shop on level 1 of the Dungeon)

   It occasionally heals its wielder for a portion of the damage dealt when it
   wounds a living foe.
   Int:       It affects your intelligence (+5).
Missiles
 p - 3 curare-tipped darts (quivered)
 q - 23 poisoned darts
 C - 5 silver javelins
Armour
 b - a +0 robe (worn)
Jewellery
 e - a ring of protection from cold (left hand)
 f - a ring of see invisible (right hand)
 l - a ring of wizardry
 v - a ring of fire
Wands
 o - a wand of paralysis (11)
Scrolls
 g - a scroll of vulnerability {unknown}
 h - 4 scrolls of identify {unknown}
 j - a scroll of enchant weapon {unknown}
 m - 3 scrolls of blinking {unknown}
 r - a scroll of teleportation {unknown}
 s - a scroll of summoning {unknown}
 w - a scroll of fog {unknown}
 y - a scroll of brand weapon {unknown}
 B - a scroll of amnesia {unknown}
 D - a scroll of torment {unknown}
Potions
 a - a potion of magic {unknown}
 c - a potion of ambrosia
 d - a potion of degeneration {unknown}
 i - 2 potions of brilliance {unknown}
 k - a potion of lignification {unknown}
 n - 4 potions of curing {unknown}
 t - a potion of resistance {unknown}
 u - 2 potions of haste {unknown}
 z - 2 potions of berserk rage {unknown}
 A - a potion of might {unknown}
 E - 2 potions of flight {unknown}
 F - a potion of cancellation {unknown}


   Skills:
 + Level 6.0 Fighting
 + Level 5.7 Short Blades
 + Level 4.1 Maces & Flails
 + Level 5.7 Dodging
 + Level 7.0 Stealth


You had 8 spell levels left.
You didn't know any spells.
Your spell library contained the following spells:

 Spells                   Type           Power      Damage    Failure   Level
 Slow                     Hex            0%         N/A       26%         1
 Confusing Touch          Hex            0%         N/A       58%         3
 Vampiric Draining        Necr           0%         2d6       58%         3


Dungeon Overview and Level Annotations

Branches:
Dungeon (6/15)             Temple (1/1) D:4           Sewer (visited)

Altars:
Ashenzari
Cheibriados
Dithmenos
Elyvilon
Gozag
Hepliaklqana
Kikubaaqudgha
Makhleb
Okawaru
Qazlal
Ru
Sif Muna
Trog
Uskayaw
Vehumet
Xom
Yredelemnul
Zin
The Shining One

Shops:
D:1 (   D:3 [


Innate Abilities, Weirdness & Mutations

You are immune to sickness and miasma.
Your stone body is resilient. (AC +6)
You are immune to poison.
You resist negative energy. (rN+)
You are resistant to electric shocks. (rElec)
You are resistant to unholy torment.
You are immune to petrification.


Message History

The ball of steam hits you!!
You puncture the steam dragon!
You feel better.
The steam dragon is moderately wounded.
You are engulfed in a cloud of scalding steam.
The steam dragon barely misses you.
The steam dragon claws you but does no damage.
You hit the steam dragon.
The steam dragon is moderately wounded.
You are engulfed in a cloud of scalding steam.
The steam dragon barely misses you.
The steam dragon claws you but does no damage.
You hit the steam dragon.
You feel better.
The steam dragon is heavily wounded.
You are engulfed in a cloud of scalding steam.
The steam dragon breathes steam at you. The ball of steam hits you!!
* * * LOW HITPOINT WARNING * * *
You are too injured to fight recklessly!
You hit the steam dragon.
The steam dragon is severely wounded.
The steam dragon closely misses you. The steam dragon claws you.
* * * LOW HITPOINT WARNING * * *
You hit the steam dragon.
The steam dragon is severely wounded.
The steam dragon closely misses you. x2
You hit the steam dragon but do no damage.
The steam dragon is severely wounded.
The steam dragon completely misses you. The steam dragon claws you.
* * * LOW HITPOINT WARNING * * *
You barely miss the steam dragon.
The steam dragon is severely wounded.
The steam dragon closely misses you. x2
You hit the steam dragon but do no damage.
The steam dragon is severely wounded.
The steam dragon bites you but does no damage.
The steam dragon barely misses you.
You hit the steam dragon but do no damage.
The steam dragon is severely wounded.
You are engulfed in a cloud of scalding steam.
You die...

##+ ##.###..###.##..
...............>
................
................ .
###+########.#####..
..##...########)##.##
.
..........).........#
..)....)...........>#
......D@§...........#
..##..##.###.###..###
#####§#######..###+##
#§.#.......#........#
#..'.......#........#
#..##.###..###.##..##
#..######..######..##
#.§§...#............#
#§.§...#............#


You could see a steam dragon.

Vanquished Creatures
  Pikel (D:5)
  Sigmund (D:3)
  An ogre (D:5)
  A black bear (D:6)
  A phantom (D:5)
  8 kobold brigands (Sewer)
  4 scorpions (D:5)
  2 hounds
  3 jellies
  An iguana (D:4)
  13 adders
  2 river rats (Sewer)
  A shadow imp (D:6)
  A white imp (D:6)
  4 worms
  5 dart slugs
  10 orcs
  9 endoplasms
  5 goblins
  6 hobgoblins
  A jackal (D:5)
  6 quokkas
  8 ball pythons
  6 bats
  8 frilled lizards
  13 kobolds
  18 rats
139 creatures vanquished.

Vanquished Creatures (others)
  6 plants (D:2)
6 creatures vanquished.

Grand Total: 145 creatures vanquished

Notes
Turn   | Place    | Note
-------+----------+-------------------------------------------
     0 | D:1      | SwiftSteady the Gargoyle Monk began the quest for the Orb.
     0 | D:1      | Reached XP level 1. HP: 14/14 MP: 1/1
   222 | D:1      | Reached XP level 2. HP: 19/19 MP: 2/2
   679 | D:1      | Found Recirroj's Antique Weapon Shop.
   800 | D:1      | Reached XP level 3. HP: 11/24 MP: 3/3
  1416 | D:2      | Found an iron altar of Okawaru.
  1787 | D:2      | Reached XP level 4. HP: 22/29 MP: 4/4
  2522 | D:2      | Reached XP level 5. HP: 32/33 MP: 5/5
  2630 | D:2      | Reached skill level 3 in Stealth
  3133 | D:3      | Found a glowing drain.
  3137 | Sewer    | Entered a sewer
  3403 | Sewer    | Noticed a kobold brigand
  3415 | Sewer    | Killed a kobold brigand
  3416 | Sewer    | Reached skill level 1 in Short Blades
  3416 | Sewer    | Reached XP level 6. HP: 27/38 MP: 6/6
  3740 | Sewer    | Reached skill level 4 in Stealth
  3751 | Sewer    | Reached XP level 7. HP: 26/44 MP: 7/7
  4773 | D:3      | Noticed Sigmund
  4790 | D:3      | Killed Sigmund
  4791 | D:3      | Reached skill level 5 in Fighting
  4791 | D:3      | Reached XP level 8. HP: 34/49 MP: 8/8
  5632 | D:1      | Bought a faintly glowing rapier for 198 gold pieces
  5632 | D:1      | Identified the +5 rapier of the Rescuing Gods {vamp, Int+5}
                  | (You bought it in a shop on level 1 of the Dungeon)
  5792 | D:3      | Found Takon's Antique Armour Emporium.
  6277 | D:4      | Found a white marble altar of Elyvilon.
  6329 | D:4      | Found a snail-covered altar of Cheibriados.
  6334 | D:4      | Found an opulent altar of Gozag.
  6339 | D:4      | Found an iron altar of Okawaru.
  6344 | D:4      | Reached skill level 5 in Stealth
  6704 | D:4      | Found a staircase to the Ecumenical Temple.
  6903 | Temple   | Entered the Ecumenical Temple
  6954 | Temple   | Became a worshipper of Dithmenos the Shadowed
  6954 | Temple   | Reached * piety under Dithmenos
  6954 | Temple   | Reached ** piety under Dithmenos
  7114 | D:5      | Entered Level 5 of the Dungeon
  7177 | D:5      | Reached skill level 5 in Dodging
  7387 | D:5      | Noticed Pikel
  7413 | D:5      | Killed Pikel
  7414 | D:5      | Reached skill level 5 in Short Blades
  7414 | D:5      | Reached skill level 6 in Stealth
  7414 | D:5      | Reached XP level 9. HP: 19/55 MP: 9/9
  7627 | D:5      | Found a hide-covered altar of Uskayaw.
  8116 | D:6      | Reached skill level 7 in Stealth
  8359 | D:6      | HP: 2/55 [steam dragon (3)]
  8362 | D:6      | Engulfed by a steam dragon's steam

Illustrated notes

Levels and vault maps discovered:
D:1:      elethiomel_arrival_infinity_welcomes_careful_drivers, layout_rooms,
          serial_shops, shop
D:2:      wad_river_or_something, layout_loops_corners, basic_altar,
          serial_bayou, serial_bayou_pond_d, serial_bayou_crossing,
          serial_bayou_shore_a, serial_bayou_pond_b, grunt_ministairs_1
D:3:      layout_loops_ring, serial_shops, shop, gup_sewer_entry_bowl,
          patterned_corridor, uniq_sigmund
D:4:      layout_loops_corners, nicolae_overflow_hidden_temple,
          elyvilon_altar_1, minmay_temple_entry_butterflies
D:5:      layout_basic, lemuel_tele_altar, st_stairs_4, uniq_pikel
D:6:      layout_gridville
Temple:   zaba_magenta_temple

Skill      XL: |  1  2  3  4  5  6  7  8  9 |
---------------+----------------------------+-----
Fighting       | 4 5 6 |  6.0
Dodging        | 3 4 5 |  5.7
Maces & Flails | 4 |  4.1
Stealth        | 3 4 6 7 |  7.0
Short Blades   | 1 2 3 5 |  5.7

Action                   |  1- 3 |  4- 6 |  7- 9 || total
-------------------------+-------+-------+-------++-------
Melee: Mace              |   106 |       |       ||   106
       Punch             |     2 |     1 |     3 ||     6
       Dagger            |       |   172 |   141 ||   313
       Rapier            |       |       |   134 ||   134
 Stab: Sleeping          |     3 |     5 |    10 ||    18
       Distracted        |       |       |     1 ||     1
Armor: Robe              |    41 |    39 |    58 ||   138
Dodge: Dodged            |    80 |   111 |   152 ||   343

Table legend: (Time is in decaauts)
 A = Elapsed time spent in this place.
 B = Non-inter-level travel time spent in this place.
 C = Inter-level travel time spent in this place.
 D = Time resting spent in this place.
 E = Time spent auto-exploring this place.
 F = Levels seen in this place.
 G = Mean time per level.
                   A        B        C        D        E       F      G
               +--------+--------+--------+--------+--------+-----+--------+
         Total |   8557 |   8055 |    502 |    657 |   6145 |   8 | 1069.6 |
       Dungeon |   6855 |   6378 |    477 |    657 |   4790 |   6 | 1142.5 |
        Temple |     78 |     53 |     25 |      0 |     46 |   1 |   78.0 |
         Sewer |   1622 |   1622 |      0 |      0 |   1309 |   1 | 1622.0 |
               +--------+--------+--------+--------+--------+-----+--------+

Top non-repeatable levels by time:
     D:2: 2021 daAuts
   Sewer: 1622 daAuts
     D:1: 1254 daAuts
     D:3: 1245 daAuts
     D:4: 1091 daAuts
     D:5: 990 daAuts
     D:6: 252 daAuts
  Temple: 78 daAuts
